Cogmind - Beta 17 @@@ ROGUE MODE // 2026.08.14 @ 20:10:18 Player: Marc Result: Destroyed by S-27 Virus with Autogun Performance ------------- Evolutions (4) 2000 Regions Visited (8) 1600 Robots Destroyed (36) 180 Value Destroyed (977) 977 Prototype IDs (11) 220 Alien Tech Used (0) 0 Bonus (320) 320 TOTAL SCORE: 5297 Bonus ------- Follower Combat Kills 20 Met Data Miner 300 Cogmind --------- Core Integrity 0/850 Matter 300/300 Energy 98/100 System Corruption 0% Temperature Cool (0) Movement Core (50) Location -5/Proximity Caves Parts ------- > --- POWER (2) -------- (None) > --- PROPULSION (5) --- (None) > --- UTILITY (5) ------ (None) > --- WEAPON (3) ------- (None) > --- INVENTORY (5) ---- Micro Nuclear Core Armored Treads Advanced Signal Interpreter Advanced ECM Suite Shock Absorption System Peak State ------------ > --- POWER ------------ Micro Nuclear Core Light Fission Core > --- PROPULSION ------- Airjet Airjet Airjet Gravmag System Gravmag System > --- UTILITY ---------- Advanced Heat Sink Energy Well Improved Targeting Computer Advanced ECM Suite Hacking Suite > --- WEAPON ----------- Compact Ion Cannon Gauss Cannon Rocket Launcher > --- INVENTORY -------- Micro Nuclear Core Medium Matter Pod Advanced Signal Interpreter ECM Suite Plasma Rifle [Rating: 58] Favorites ----------- Power Micro Nuclear Core Engine Ion Engine Power Core Micro Nuclear Core Propulsion Airjet Treads Armored Treads Leg Aluminum Leg Wheel Compact Wheel Hover Unit Airjet Utility ECM Suite Device ECM Suite Storage Energy Well Processor Improved Targeting Computer Hackware Hacking Suite Weapon Rocket Launcher Energy Gun Plasma Rifle Energy Cannon Phase Cannon Ballistic Gun Assault Rifle Ballistic Cannon Gauss Cannon Launcher Rocket Launcher Build | -11 -10 -10 -8 -6 -6 -6 -6 -5 ------- Run | Yrd Mat Sub Rec Fac Low Low Dat Pro Slots Evolved 8 | . . . . 8 . . . . Power 1 | . . . . 1 . . . . Propulsion 3 | . . . . 3 . . . . Utility 3 | . . . . 3 . . . . Weapon 1 | . . . . 1 . . . . Parts Attached 42 | . 10 3 3 19 3 4 . . Power 8 | . . 2 1 5 . . . . Engine 3 | . . 2 1 . . . . . Core 5 | . . . . 5 . . . . Reactor . | . . . . . . . . . Propulsion 14 | . 5 . 1 5 1 2 . . Treads 2 | . 1 . . . 1 . . . Leg 4 | . 2 . . . . 2 . . Wheel 2 | . 2 . . . . . . . Hover 6 | . . . 1 5 . . . . Flight . | . . . . . . . . . Utility 8 | . 1 . . 6 . 1 . . Device 5 | . 1 . . 3 . 1 . . Storage 1 | . . . . 1 . . . . Processor 1 | . . . . 1 . . . . Hackware 1 | . . . . 1 . . . . Protection . | . . . . . . . . . Artifact . | . . . . . . . . . Weapon 12 | . 4 1 1 3 2 1 . . Energy Gun 4 | . 1 1 . . 1 1 . . Energy Cannon 2 | . . . . 1 1 . . . Ballistic Gun 1 | . 1 . . . . . . . Ballistic Cannon 2 | . . . 1 1 . . . . Launcher 3 | . 2 . . 1 . . . . Special Weapon . | . . . . . . . . . Impact Weapon . | . . . . . . . . . Slashing Weapon . | . . . . . . . . . Piercing Weapon . | . . . . . . . . . Special Melee Weapon . | . . . . . . . . . Unidentified Prototypes 2 | . . . . 2 . . . . Parts Lost 18 | . 1 5 . 1 2 4 . 5 Power 3 | . . 1 . . . 1 . 1 Propulsion 8 | . . 2 . 1 2 2 . 1 Utility 2 | . . . . . . 1 . 1 Weapon 5 | . 1 2 . . . . . 2 Highest Loss Streak 5 | . 1 3 . 1 1 4 . 5 To Critical Strikes . | . . . . . . . . . Average Backups 3 | . 3 4 3 4 3 3 5 5 Power . | . 1 1 . . 1 1 1 1 Propulsion . | . . . . . . . 1 1 Utility 1 | . . 1 1 2 2 2 3 3 Weapon . | . 1 2 1 1 . . . . Tool/Special . | . . . . . . . . . Unused Backups 8 | . 2 . 1 2 1 . . 2 Power . | . . . . . . . . . Propulsion 2 | . 2 . . . . . . . Utility 5 | . . . 1 1 1 . . 2 Weapon . | . . . . . . . . . Tool/Special 1 | . . . . 1 . . . . Average Slot Usage (%) 84 | . 94 92 35 90 96 71 73 18 Engine 4 | . 14 12 12 2 . . . . Core 6 | . . . . 10 13 7 6 1 Treads 1 | . . . . . 1 4 . . Leg 8 | . 26 26 . . . 3 13 3 Hover 14 | . . . 9 29 28 7 . . Device 12 | . 9 13 14 15 13 13 20 4 Storage 7 | . 14 13 . 4 6 6 6 1 Processor 2 | . . . . 4 6 1 . . Hackware 3 | . . . . 2 6 6 6 1 Energy Gun 3 | . 2 2 . 2 2 6 6 1 Energy Cannon 3 | . . . . 4 5 6 6 1 Ballistic Gun 3 | . 12 9 . . . . . . Ballistic Cannon 1 | . . . . 5 3 . . . Launcher 7 | . 11 13 . 4 6 6 6 1 Peak Build Rating 58 | . 9 14 8 58 55 51 45 45 Average Rating 34 | . 7 8 3 48 53 41 45 9 On Entrance 24 | 6 6 8 . 5 55 51 45 45 Avg Prop Armor Cover (%) 7 | . 13 . . 3 10 6 . . Naked Turns 114 | . . 5 . . . . . 109 Heaviest Build 38 | 13 20 20 7 38 37 37 36 36 Greatest Support 42 | 20 20 20 7 42 42 40 40 40 Greatest Overweight (x) 4 | . 4 4 2 1 1 1 . 1 Average Overweight (x) . | . . . . . . . . . Largest Inventory Capacity 8 | . 8 8 5 5 5 5 5 5 Average Capacity 5 | . 8 7 5 5 5 5 5 5 Most Carried 8 | . 8 6 5 5 5 5 5 5 Average Carried 3 | . 3 4 3 4 3 3 5 5 Final Capacity 8 | 8 8 5 5 5 5 5 5 5 Final Carried 6 | 6 5 4 5 5 3 5 5 5 Class Distribution -------------------- 44% | Scavenger-Bomber 33% | Mutant 16% | Bomber 5% | Infiltrator-Bomber Dominant Class ---------------- Mutant | -10/Materials Mutant | -10/Subcaves Mutant | -8/Recycling Scavenger-Bomber | -6/Factory Scavenger-Bomber | -6/Lower Caves Bomber | -6/Lower Caves Infiltrator-Bomber | -6/Data Miner Mutant | -5/Proximity Caves Resources | -11 -10 -10 -8 -6 -6 -6 -6 -5 ----------- Run | Yrd Mat Sub Rec Fac Low Low Dat Pro Matter Collected 1554 | 183 259 199 . 261 410 242 . . Remotely . | . . . . . . . . . Salvage Created 555 | . 161 98 . 78 157 61 . . Parts 50 | . 24 11 . 6 8 1 . . Haulers Intercepted . | . . . . . . . . . Recyclers Shooed . | . . . . . . . . . Parts Field Recycled . | . . . . . . . . . Retrieved Matter . | . . . . . . . . . Parts Self-Destructed 8 | . . . . . . 1 . 7 Prevented . | . . . . . . . . . Parts Restored . | . . . . . . . . . Kills | -11 -10 -10 -8 -6 -6 -6 -6 -5 ------- Run | Yrd Mat Sub Rec Fac Low Low Dat Pro Combat Hostiles Destroyed 29 | . 11 8 . 3 5 2 . . Guns 5 | . 4 . . . . 1 . . Cannons 4 | . . . . 1 3 . . . AOE 20 | . 7 8 . 2 2 1 . . Classes Destroyed 9 | . 5 1 . . 2 1 . . Worker 2 | . 1 . . 1 . . . . Operator 3 | . 1 . . 2 . . . . Watcher 2 | . 2 . . . . . . . Swarmer 15 | . 9 3 . 3 . . . . Grunt 2 | . 2 . . . . . . . Hunter 2 | . . . . . . 2 . . Subdweller 5 | . . 5 . . . . . . Thug 1 | . . . . . 1 . . . Savage 3 | . . . . . 3 . . . Mutant 1 | . . . . . 1 . . . Best Kill Streak 7 | . 7 3 . 4 2 2 . . Combat Bots Only 4 | . 4 3 . 3 2 2 . . Max Kills in Single Turn 3 | . 3 2 . 3 1 1 . . Gunslinging 1 | . 1 . . . . . . . Exploded 3 | . 3 2 . 2 1 1 . . Melee . | . . . . . . . . . Uniques/NPCs Destroyed . | . . . . . . . . . Combat | -11 -10 -10 -8 -6 -6 -6 -6 -5 -------- Run | Yrd Mat Sub Rec Fac Low Low Dat Pro Hostile Shots Fired 282 | . 29 85 . 4 25 21 . 118 Missed 118 | . 11 37 . 1 8 6 . 55 Hits 164 | . 18 48 . 3 17 15 . 63 Melee 6 | . . . . . 6 . . . Projectile 158 | . 18 48 . 3 11 15 . 63 Critical Strikes 1 | . . . . . 1 . . . Damage Taken 2586 | . 323 615 . 49 316 269 . 1014 Core 1073 | . 21 199 . 29 29 51 . 744 Absorbed by Shields . | . . . . . . . . . Regen/Repaired (Parts) 16 | . . . . 16 . . . . Core Remaining (%) 56 | 100 . . 12 . . . . . Volleys Fired 82 | . 15 14 . 10 37 6 . . Largest 3 | . 2 2 . 2 3 3 . . Hottest 193 | . 66 83 . 130 193 193 . . Shots Fired 142 | . 30 23 . 19 52 18 . . Gun 38 | . 17 9 . . 6 6 . . Cannon 48 | . . . . 18 24 6 . . Launcher 56 | . 13 14 . 1 22 6 . . Special . | . . . . . . . . . Kinetic 40 | . 17 4 . 9 10 . . . Thermal 46 | . . 5 . 9 20 12 . . Explosive 56 | . 13 14 . 1 22 6 . . Electromagnetic . | . . . . . . . . . Robot Hit Streak 6 | . 6 3 . 3 6 4 . . Robot Miss Streak 5 | . 2 5 . 4 3 2 . . Penetration Max . | . . . . . . . . . Secondary Targets 2 | . 2 . . . . . . . Max Gunslinging Chain 1 | . 1 . . . . . . . Shots Hit Robots 64 | . 14 6 . 7 26 11 . . Core Hits 60 | . 18 14 . 8 14 6 . . Critical Kills . | . . . . . . . . . Critical Parts Destroyed . | . . . . . . . . . Critical Strikes 3 | . . . . 1 1 1 . . Burn 1 | . . . . . . 1 . . Blast 2 | . . . . 1 1 . . . Melee Attacks . | . . . . . . . . . Impact . | . . . . . . . . . Slashing . | . . . . . . . . . Piercing . | . . . . . . . . . Sneak Attacks . | . . . . . . . . . Combat Hostiles . | . . . . . . . . . Follow-up Attacks . | . . . . . . . . . Damage Inflicted 3962 | . 751 897 . 404 1466 439 . 5 Guns 261 | . 121 31 . . 22 87 . . Cannons 762 | . . . . 190 481 91 . . Explosions 2918 | . 630 866 . 198 963 261 . . Melee . | . . . . . . . . . Ramming 21 | . . . . 16 . . . 5 Kinetic 460 | . 121 14 . 135 190 . . . Thermal 563 | . . 17 . 55 313 178 . . Explosive 2918 | . 630 866 . 198 963 261 . . Electromagnetic . | . . . . . . . . . Impact . | . . . . . . . . . Slashing . | . . . . . . . . . Piercing . | . . . . . . . . . Highest Corruption . | . . . . . . . . . Average Corruption . | . . . . . . . . . Corruption Purged . | . . . . . . . . . Corruption Blocked . | . . . . . . . . . Overload Shots . | . . . . . . . . . Overflow Damage 88 | . 41 30 . 16 1 . . . Projectiles 16 | . . . . 16 . . . . Explosions 72 | . 41 30 . . 1 . . . Melee . | . . . . . . . . . Knockbacks 1 | . . . . . 1 . . . Impact . | . . . . . . . . . Kinetic 1 | . . . . . 1 . . . Secondary . | . . . . . . . . . Self-Inflicted Damage 275 | . 86 167 . 8 12 . . 2 Shots 12 | . 5 6 . . 1 . . . Rammed 4 | . . . . 1 . . . 3 Targets Rammed 4 | . . . . 1 . . . 3 Kicked . | . . . . . . . . . Crushed . | . . . . . . . . . Highest Temperature 316 | . 12 4 . 113 316 237 . . Average Temperature 68 | . 6 4 . 45 78 137 . . Received Heat Transfer 346 | . 12 186 . . 67 . . 81 Siege Activations . | . . . . . . . . . Martial Activations . | . . . . . . . . . Shielding Activations . | . . . . . . . . . Robots Disrupted . | . . . . . . . . . Combat Hostiles . | . . . . . . . . . Robots Corrupted . | . . . . . . . . . Combat Hostiles . | . . . . . . . . . Parts Fried . | . . . . . . . . . Impact Corruptions . | . . . . . . . . . Robots Melted . | . . . . . . . . . Combat Hostiles . | . . . . . . . . . Parts Melted . | . . . . . . . . . Heat Transferred 942 | . . 37 . 74 420 411 . . Parts Sabotaged . | . . . . . . . . . Parts Stolen 2 | . . . . . 2 . . . Parts Stripped . | . . . . . . . . . Power Chain Reactions . | . . . . . . . . . Alert | -11 -10 -10 -8 -6 -6 -6 -6 -5 ------- Run | Yrd Mat Sub Rec Fac Low Low Dat Pro Maximum Alert Level 1 | . 1 . . . . . . . Low Security (%) 90 | . 80 . 100 100 . . . . Level 1 9 | . 19 . . . . . . . Level 2 . | . . . . . . . . . Level 3 . | . . . . . . . . . Level 4 . | . . . . . . . . . Level 5 . | . . . . . . . . . High Security . | . . . . . . . . . Max Security . | . . . . . . . . . Peak Influence 241 | . 241 . 4 90 . . . . Initial 4 | . . . 4 . . . . . Average 48 | . 86 . . 10 . . . . Influence Increases 867 | . 424 60 . 128 . 50 . 205 Destroy 0b10 Robot/C 400 | . 220 60 . 60 . 40 . 20 Destroy 0b10 Robot/NC 35 | . 20 . . 15 . . . . Destroy Leader 54 | . 34 . . 10 . 10 . . Allied During Kill 5 | . . . . . . . . 5 Successful Hack 22 | . 18 . . 4 . . . . Disable Machine 60 | . 45 . . 15 . . . . Destroy Structure 96 | . 87 . . 9 . . . . Partial Spotted 15 | . . . . 15 . . . . Lose Combat Pursuer 180 | . . . . . . . . 180 Influence Decreases 717 | . 222 252 10 58 70 50 . 55 Entered New Map 130 | . . 98 6 . 26 . . . Time Decay 497 | . 212 114 4 58 44 30 . 35 Lost Part 70 | . 10 40 . . . 20 . . Lost Ally 20 | . . . . . . . . 20 Squads Dispatched 4 | . . . . 3 . . . 1 Investigation 1 | . . . . 1 . . . . Extermination 1 | . . . . 1 . . . . Reinforcement 1 | . . . . 1 . . . . Assault 1 | . . . . . . . . 1 Garrison . | . . . . . . . . . Intercept . | . . . . . . . . . Searches Triggered . | . . . . . . . . . Construction Impeded . | . . . . . . . . . Haulers Reinforced . | . . . . . . . . . Active Scanning Responses . | . . . . . . . . . Cargo Convoy Interrupts . | . . . . . . . . . Stealth | -11 -10 -10 -8 -6 -6 -6 -6 -5 --------- Run | Yrd Mat Sub Rec Fac Low Low Dat Pro Distress Signals 1 | . . . . 1 . . . . Communications Jammed . | . . . . . . . . . Distress Signals . | . . . . . . . . . Times Spotted 108 | . 15 50 . 8 15 2 . 18 Peak Tracking Total 13 | . 4 6 . 4 4 2 . 13 Tactical Retreats 12 | . . 2 . 1 5 . . 4 ECM-based Alert Blocks 43 | . . 42 . 1 . . . . Traps | -11 -10 -10 -8 -6 -6 -6 -6 -5 ------- Run | Yrd Mat Sub Rec Fac Low Low Dat Pro Traps Triggered . | . . . . . . . . . Indirectly . | . . . . . . . . . Trap Hack Attempts . | . . . . . . . . . Triggered . | . . . . . . . . . Disarmed . | . . . . . . . . . Reprogrammed . | . . . . . . . . . Reused . | . . . . . . . . . Traps Extracted . | . . . . . . . . . Installed . | . . . . . . . . . Triggered . | . . . . . . . . . Machines | -11 -10 -10 -8 -6 -6 -6 -6 -5 ---------- Run | Yrd Mat Sub Rec Fac Low Low Dat Pro Machines Disabled 8 | . 3 3 . 1 1 . . . Max in Single Turn 3 | . 1 3 . 1 1 . . . Machines Repaired . | . . . . . . . . . Machines Dismantled . | . . . . . . . . . Machines Sabotaged . | . . . . . . . . . Overloaded Fab Kills . | . . . . . . . . . Hacking | -11 -10 -10 -8 -6 -6 -6 -6 -5 --------- Run | Yrd Mat Sub Rec Fac Low Low Dat Pro Machines Accessed 11 | . 3 1 . 3 . . 4 . Terminals 4 | . 3 . . 1 . . . . Fabricators . | . . . . . . . . . Repair Stations . | . . . . . . . . . Recycling Units . | . . . . . . . . . Scanalyzers 1 | . . . . 1 . . . . Garrison Access 1 | . . . . 1 . . . . Total Hacks 44 | . 5 5 . 4 . . 30 . Successful 41 | . 5 5 . 1 . . 30 . Failed 3 | . . . . 3 . . . . Catastrophic . | . . . . . . . . . Database Lockouts . | . . . . . . . . . Manual 4 | . 4 . . . . . . . Terminals 6 | . 5 . . 1 . . . . Fabricators . | . . . . . . . . . Repair Stations . | . . . . . . . . . Recycling Units . | . . . . . . . . . Scanalyzers 1 | . . . . 1 . . . . Garrison Access 2 | . . . . 2 . . . . Terminal Hacks 37 | . 1 5 . 1 . . 30 . Record 16 | . . 5 . . . . 11 . Part Schematic 13 | . . . . . . . 13 . Robot Schematic 3 | . . . . . . . 3 . Prototype ID Bank 3 | . . . . . . . 3 . Open DSF 1 | . . . . 1 . . . . Registered Components 1 | . 1 . . . . . . . Fabricator Hacks . | . . . . . . . . . Repair Station Hacks . | . . . . . . . . . Recycling Unit Hacks . | . . . . . . . . . Scanalyzer . | . . . . . . . . . Garrison Access Hacks . | . . . . . . . . . Unauthorized Hacks 4 | . 4 . . . . . . . Terminals 4 | . 4 . . . . . . . Track 1 | . 1 . . . . . . . Botnet 3 | . 3 . . . . . . . Fabricators . | . . . . . . . . . Repair Stations . | . . . . . . . . . Recycling Units . | . . . . . . . . . Scanalyzers . | . . . . . . . . . Garrison Access . | . . . . . . . . . Data Cores Recovered 3 | . 1 . . 2 . . . . Used . | . . . . . . . . . Hacking Detections 2 | . . . . 2 . . . . Full Trace Events 1 | . . . . 1 . . . . Feedback Events . | . . . . . . . . . Feedback Blocked . | . . . . . . . . . Robot Schematics Acquired 3 | . . . . . . . 3 . Robots Built . | . . . . . . . . . Authchips . | . . . . . . . . . Time . | . . . . . . . . . Total Robot Build Rating . | . . . . . . . . . Part Schematics Acquired 13 | . . . . . . . 13 . Parts Built . | . . . . . . . . . Authchips . | . . . . . . . . . Time . | . . . . . . . . . Total Part Build Rating . | . . . . . . . . . Part Studies Acquired . | . . . . . . . . . Parts Repaired . | . . . . . . . . . Time . | . . . . . . . . . Parts Recycled . | . . . . . . . . . Recycled Matter . | . . . . . . . . . Retrieved Matter . | . . . . . . . . . Retrieved Components . | . . . . . . . . . Parts Scanalyzed . | . . . . . . . . . Part Schematics Acquired . | . . . . . . . . . Parts Damaged . | . . . . . . . . . Bothacking | -11 -10 -10 -8 -6 -6 -6 -6 -5 ------------ Run | Yrd Mat Sub Rec Fac Low Low Dat Pro Used RIF Installer . | . . . . . . . . . Robots Hacked . | . . . . . . . . . Non-combat . | . . . . . . . . . Combat . | . . . . . . . . . Robot Hacks Applied . | . . . . . . . . . Relay Couplers Released . | . . . . . . . . . Fabnet Peak Effective % . | . . . . . . . . . Robots Rewired . | . . . . . . . . . Allies Hacked . | . . . . . . . . . Hacks Repelled . | . . . . . . . . . Allies | -11 -10 -10 -8 -6 -6 -6 -6 -5 -------- Run | Yrd Mat Sub Rec Fac Low Low Dat Pro Total Allies 1 | . . . . . . . . 1 Largest Group 1 | . . . . . . . . 1 Highest-Rated Group 96 | . . . . . . . . 96 Highest-Rated Ally 96 | . . . . . . . . 96 Total Orders . | . . . . . . . . . Ally Attacks 6 | . . . . . . . . 6 Total Damage 134 | . . . . . . . . 134 Kills 1 | . . . . . . . . 1 Allies Corrupted . | . . . . . . . . . Allies Melted . | . . . . . . . . . Intel | -11 -10 -10 -8 -6 -6 -6 -6 -5 ------- Run | Yrd Mat Sub Rec Fac Low Low Dat Pro Active Infowar (turns) 3188 | . 457 299 79 566 955 681 124 27 Jamming 187 | . . . . . . 36 124 27 ECM 3180 | . 457 299 79 566 955 681 124 19 Robot Analysis Total . | . . . . . . . . . Derelict Logs Recovered 5 | . . 1 . . 2 2 . . Drone Launches . | . . . . . . . . . Drone Recoveries . | . . . . . . . . . Exploration | -11 -10 -10 -8 -6 -6 -6 -6 -5 ------------- Run | Yrd Mat Sub Rec Fac Low Low Dat Pro Turns Passed 3491 | . 646 304 79 566 955 681 124 136 Spaces Moved 3423 | 1 459 215 88 663 1326 352 89 230 Core 239 | . 2 11 13 . . . . 213 Treads 164 | . . . . . 12 152 . . Legs 872 | 1 449 204 . . . 112 89 17 Wheels 8 | . 8 . . . . . . . Hover 2140 | . . . 75 663 1314 88 . . Flight . | . . . . . . . . . Fastest Speed 44 | 120 100 50 60 44 44 132 140 50 Average Speed 86 | 120 120 119 73 51 62 185 140 57 Slowest Speed 250 | 120 250 250 150 136 250 250 140 210 Overloaded Moves . | . . . . . . . . . Propulsion Burnouts . | . . . . . . . . . Robots Hopped . | . . . . . . . . . Potential Cave-ins . | . . . . . . . . . Cave-ins Triggered . | . . . . . . . . . Exploration Rate (%) 44 | 2 78 12 22 19 97 61 75 38 Regions Visited 8 Branch Regions 6 Pre-discovered Areas 1 | . . . . . . . 1 . Known Exits Taken 2 | . . 1 . . . 1 . . Unknown Exits Taken 6 | 1 1 . 1 1 1 . 1 . Scrap Searched 10 | . . 3 . . 3 4 . . Spaces Dug . | . . . . . . . . . Terrain Destroyed 420 | . 93 85 . 9 214 19 . . Melee . | . . . . . . . . . Projectile 14 | . . . . 5 7 2 . . AOE 406 | . 93 85 . 4 207 17 . . Terrain Rammed . | . . . . . . . . . Walls Destroyed . | . . . . . . . . . Machines Disabled . | . . . . . . . . . Actions | -11 -10 -10 -8 -6 -6 -6 -6 -5 --------- Run | Yrd Mat Sub Rec Fac Low Low Dat Pro Total 3833 | . 533 239 102 865 1407 366 88 233 Wait 204 | . 20 . 5 140 39 . . . Move 3415 | . 458 214 87 662 1325 351 88 230 Hop . | . . . . . . . . . Pick Up 33 | . 12 4 4 9 2 2 . . Fast Attach 11 | . . . 1 7 . 3 . . Attach 23 | . 10 2 3 4 3 1 . . Detach 9 | . 6 . 1 1 . 1 . . Swap 20 | . 1 2 . 17 . . . . Drop 32 | . 11 3 1 14 1 2 . . Fire 82 | . 15 14 . 10 37 6 . . Melee . | . . . . . . . . . Ram 4 | . . . . 1 . . . 3 Kick . | . . . . . . . . . Crush . | . . . . . . . . . Escape Stasis . | . . . . . . . . . Rewire . | . . . . . . . . . Trap . | . . . . . . . . . Miscellaneous . | . . . . . . . . . Route ------- -11/Scrapyard -10/Materials (discovered 4 exits: [*Mat x2] / [*Min] / *Sub) -10/Subcaves (discovered 2 exits: [*Mat] / *Rec) -8/Recycling -6/Factory (discovered 2 exits: [*Fac] / [*Low]) -6/Lower Caves -6/Lower Caves -6/Data Miner -5/Proximity Caves History --------- Turn | Location | Event 1 | -11/Scrapyard | Discovered new exit (range 0) 1 | -11/Scrapyard | Entered Materials 283 | -10/Materials | Discovered new exit (range 11) 305 | -10/Materials | Build established: Mutant 343 | -10/Materials | Discovered new exit (range 4) 472 | -10/Materials | Discovered new exit (range 13) 585 | -10/Materials | Discovered new exit (range 4) 647 | -10/Materials | Entered Subcaves 670 | -10/Subcaves | Discovered new exit (range 12) 701 | -10/Subcaves | Visited Clippyterm 705 | -10/Subcaves | Identified exit to Recycling 705 | -10/Subcaves | Learned Factory stockpile data 839 | -10/Subcaves | Disturbed a concealed Subdweller 842 | -10/Subcaves | Ambushed by Subdweller buried in earth 845 | -10/Subcaves | Disturbed a concealed Subdweller 921 | -10/Subcaves | Learned 8 Materials zone layouts 945 | -10/Subcaves | Core integrity fell below 50% 946 | -10/Subcaves | Released all parts (4) 950 | -10/Subcaves | Core integrity fell below 20% 951 | -10/Subcaves | Entered Recycling 952 | -8/Recycling | Joined Warlord attack on 0b10 via Recycling 965 | -8/Recycling | Lost 3 parts (2n1w) 1026 | -8/Recycling | Discovered new exit (range 7) 1030 | -8/Recycling | Entered Factory 1030 | -6/Factory | Evolved 8 slots: Power x1, Propulsion x3, Utility x3, Weapon x1 1075 | -6/Factory | 4 allies followed out of Recycling 1110 | -6/Factory | Discovered new exit (range 15) 1146 | -6/Factory | Lost 4 allies 1403 | -6/Factory | Build established: Scavenger-Bomber 1548 | -6/Factory | Discovered new exit (range 11) 1596 | -6/Factory | Entered Lower Caves 1659 | -6/Lower Caves | Attacked by a faux Warlord 1678 | -6/Lower Caves | Encountered a Warlord checkpoint 1769 | -6/Lower Caves | Learned 8 Factory zone layouts 1922 | -6/Lower Caves | Entered a destroyed Warlord outpost 1945 | -6/Lower Caves | Learned Factory security intel 2547 | -6/Lower Caves | Discovered new exit (range 4) 2551 | -6/Lower Caves | Entered another Lower Caves area 2584 | -6/Lower Caves | Learned Factory terminal intel 2707 | -6/Lower Caves | Lost 4 parts (1p2n1u) 2968 | -6/Lower Caves | Build established: Bomber 3005 | -6/Lower Caves | Identified exit to Data Miner 3101 | -6/Lower Caves | Encountered a Warlord checkpoint 3232 | -6/Lower Caves | Entered Data Miner 3232 | -6/Data Miner | Discovered new exit (range 6) 3259 | -6/Data Miner | Met Data Miner 3300 | -6/Data Miner | Learned location of Section 7 (-2) 3300 | -6/Data Miner | Acquired the access code to Warlord's prototype stash 3325 | -6/Data Miner | Received God Mode back door access code from Data Miner 3356 | -6/Data Miner | Entered Proximity Caves 3356 | -5/Proximity Caves | Spotted B-75 Beast 3383 | -5/Proximity Caves | Released all parts (6) 3413 | -5/Proximity Caves | Lost 5 parts (1p1n1u2w) 3416 | -5/Proximity Caves | Attracted the attention of an 0b10 outpost 3426 | -5/Proximity Caves | Core integrity fell below 50% 3440 | -5/Proximity Caves | Escorted by Enhanced Grunt 3454 | -5/Proximity Caves | Core integrity fell below 20% 3492 | -5/Proximity Caves | Destroyed by S-27 Virus with Autogun Last Messages --------------- LOCATION=UNKNOWN GOAL=ESCAPE 03372_ Mak. Leg destroyed. 03375_ ECM Suite destroyed. 03375_ Rocket Launcher destroyed. 03382_ Mic. Nuclear Core destroyed. 03382_ Phase Cannon destroyed. 03383_ Released Beamcaster. 03383_ Released Mak. Leg. 03383_ Released Hacking Suite. 03383_ Released Energy Well. 03383_ Released Adv. Heat Sink. 03383_ Released Mak. Transmission Jammer. 03415_ Slammed into Y-72 Warden. 03416_ Y-72 Warden: "DETECTED UNIDENTIFIED DERELICT." 03420_ Y-72 Warden: "REQUESTING BACKUP." 03440_ Enhanced Grunt: "Protecting LRC-V3." 03443_ S-27 Virus destroyed. 03475_ Penetrated by Slug. 03484_ Slammed into S-27 Virus. Map ----- +----------------------------------------------------+ | ?????????????????????????????????????????????????? | | ?????????????????????????????????????????????????? | | ?????????????????????????????????????????????????? | | ?????????????????????????????????????????????????? | | ?????????????????????????????????????????????????? | | ?????????????????????????????????????????????????? | | ?????????????????????????????????????????????????? | | ?????????????????????????????????????????????????? | | ?????????????????????????????????????????????????? | | ?????????????????????????????????????????????????? | | ?????????????????????????????????????????????????? | | ?????????????????????????????????????????????????? | | ?????????????????????????????????????????????????? | | ?????????????????????????????????????????????????? | | ????????????????????????######???????????????????? | | ???????????????????????? #???????????????????? | | ????????????????###????? ##??????????????????? | | ????????????????? ????? ##?????????????????? | | ??????????? #????# ????# ##????????????????? | | ??????????? #### ????# ##???????????????? | | ???????????? ##??# #???????????????? | | ????????????? ### ##??????????????? | | ?????????????# #??????????????? | | ?????????????# #???????????????? | | ?????????????# #???????????????? | | ?????????????# @ ##??????????????? | | $??????? ## #??????????????? | | ??????????????????## #??????????????? | | ????????????????????# ##??????????????? | | ?????????????????????# # ##???????????????? | | ??????????????????????# ## ##????????????????? | | ????????????????????###s ### #?????????????????? | | ??????????????????### s #### #????????????????? | | ?????????????????## ##?# #????????????????? | | ??????????????#### ##?##????????????????? | | ############### #???????????????????? | | ## #???????????????????? | | ## #### %% #???????????????????? | | # # #??### ## #??????????????????? | | ## #????# ## ##?# ##??????????????????? | | ?## #????# ######???###???????????????????? | | ??# #???? #??????????????????????????????? | | ??# ## #???### #??????????????????????????????? | | ??# ######?????####??????????????????????????????? | | ??###????????????????????????????????????????????? | | ?????????????????????????????????????????????????? | | ?????????????????????????????????????????????????? | | ?????????????????????????????????????????????????? | | ?????????????????????????????????????????????????? | | ?????????????????????????????????????????????????? | +----------------------------------------------------+ Best States ------------- Heat Dissipation 56 Energy Generation 28 Energy Capacity 560 Matter Stores 300 Matter Capacity 300 Sight Range 16 Terrain Scan Density 10 ECM Strength 3 Jamming Range 14 Evasion (%) 56 Targeting Accuracy 6 Recoil Reduction 1 Offensive Hacking 10 Item Schematics ----------------- Combat Drone Bay | -6/Data Miner | Free Lgt. Regenerative Plating | -6/Data Miner | Free Enh. Armored Leg | -6/Data Miner | Free Imp. Thermal Defense Suite | -6/Data Miner | Free Neutron Cannon | -6/Data Miner | Free Imp. Antigrav System | -6/Data Miner | Free Quantum Capacitor | -6/Data Miner | Free HERF Cannon | -6/Data Miner | Free Hvy. Treads | -6/Data Miner | Free Enh. Force Lance | -6/Data Miner | Free Biometal Medium Treads | -6/Data Miner | Free Adv. Thermal Generator | -6/Data Miner | Free Graphene Brace | -6/Data Miner | Free Robot Schematics ------------------ A-15 Conveyor | -6/Data Miner | Free E-15 Imp | -6/Data Miner | Free R-10 Processor | -6/Data Miner | Free Fabricated ------------ Nothing Repaired ---------- Nothing Studied --------- None Alien Tech Used ----------------- None Achievements -------------- The Oracle Challenges ------------ None Game ------ Seed SurveybotThunderSuperbattery Manual? 0 Play Time 00:38:22 Cumulative 22.7 hours Start 2026.08.14 @ 19:30:45 End 2026.08.14 @ 20:10:18 Sessions 1 Manual Loads 0 Difficulty Rogue Special Mode None Game No. 67 Rogue 60 Adventurer 7 Explorer 0 Win Type - Total 0 Types 0/0/0/0/0/0/0/0/0/0 Lore% 28 Gallery% 29 Achievement% 24 Wizard Run 0 Options --------- Layout 0 ASCII 0 Keyboard 0 Movement Mouse Keybinds 0 Fullscreen 1 Font 18/SmallcapsGlow Map View 38x25 Zoom Use 90% Tactical HUD 1 Map Filters NONE Filters NONE Steam 1 RUN: 8e34ea18-b2d4-4fa5-947b-ce87c44c3f46